 Dungeon Crawl Stone Soup version 0.24.0-7-gb3623d2c88 (webtiles) character file.

Game seed: 986782741885425030, levelgen mode: classic

42 EnegeticOcto the Sneak (level 3, 0/30 HPs)
             Began as a Demigod Enchanter on Nov 2, 2019.
             Slain by a goblin (4 damage)
             ... led by Robin
             ... on level 2 of the Dungeon.
             The game lasted 00:02:14 (2361 turns).

EnegeticOcto the Sneak (Demigod Enchanter)          Turns: 2361, Time: 00:02:14

Health: 0/30       AC:  3    Str: 13    XL:     3   Next: 19%
Magic:  8/8        EV: 12    Int: 19    God:
Gold:   123        SH:  0    Dex: 12    Spells: 4/5 levels left

rFire    . . .     SeeInvis .   k - +1 short sword
rCold    . . .     Gourm    .   (no shield)
rNeg     . . .     Faith    .   b - +0 robe
rPois    .         Spirit   .   (no helmet)
rElec    .         Reflect  .   (no cloak)
rCorr    .         Harm     .   (no gloves)
MR       .....                  m - +0 pair of boots
Stlth    ++........             (no amulet)
HPRegen  0.10/turn              c - -4 ring of dexterity
MPRegen  0.11/turn              (no ring)

@: very slightly contaminated, invisible
A: high mp 1
a: no special abilities


You were on level 2 of the Dungeon.
You were hungry.

You visited 1 branch of the dungeon, and saw 2 of its levels.

You collected 123 gold pieces.

Inventory:

Hand Weapons
 a - a +1 dagger
 k - a +1 short sword (weapon)
Missiles
 f - 15 poisoned darts (quivered)
Armour
 b - a +0 robe (worn)
 m - a +0 pair of boots (worn)
Jewellery
 c - a -4 ring of dexterity (left hand)
Potions
 l - a potion of brilliance
Comestibles
 e - 4 rations


   Skills:
 + Level 2.5 Fighting
 - Level 1.0 Short Blades
 - Level 1.8 Dodging
 - Level 2.7 Stealth
 - Level 1.8 Spellcasting
 - Level 2.7 Hexes


You had 4 spell levels left.
You knew the following spells:

 Your Spells              Type           Power        Failure   Level  Hunger
a - Corona                Hex            ##.....      5%          1    #......

Your spell library contained the following spells:

 Spells                   Type           Power        Failure   Level  Hunger
 Ensorcelled Hibernation  Hex/Ice        #.....       16%         2    ###....
 Confuse                  Hex            ##......     17%         3    ###....
 Tukima's Dance           Hex            ##......     17%         3    ###....
 Dazzling Spray           Conj/Hex       #.....       30%         3    ###....


Dungeon Overview and Level Annotations

Branches:
Dungeon (2/15)

Annotations:
D:2 Robin


Innate Abilities, Weirdness & Mutations

You have an increased reservoir of magic. (+10% MP)


Message History

A bat is nearby!
Found a stone staircase leading up.
The helpless bat fails to defend itself.
You puncture the bat!
You kill the bat!
No target in view!
No target in view!
No target in view!
No target in view!
No target in view!
No target in view!
Found a hunting sling.
A goblin and a hobgoblin come into view.
There are monsters nearby!
A goblin comes into view. It is wielding a +0 club.
The goblin shouts!
You hear a shout! x7
A goblin comes into view.
You hear a shout!
Robin of the Strong Arm comes into view.
They are wielding a +0 mace.
The hobgoblin barely misses you.
You hear a shout!
You closely miss the hobgoblin.
Robin roars a battlecry!
The goblins go into a battle-frenzy!
The hobgoblin closely misses you.
You hear a shout!
You hit the hobgoblin.
The hobgoblin is moderately wounded.
Robin says, "A pitiful Demigod like you will never find the ORB!"
Robin throws the goblin at you! The hobgoblin hits you with a +0 club.
The goblin closely misses you.
You barely miss the hobgoblin.
The hobgoblin is moderately wounded.
Robin drinks a potion.
Robin seems to speed up.
A goblin comes into view.
The goblin hits you. The hobgoblin hits you with a +0 club!
You are too injured to fight recklessly!
You are too injured to fight recklessly!
You are too injured to fight recklessly!
You are too injured to fight recklessly!
As you read the scroll labeled TIMUST CAYTAACI, it crumbles to dust.
It is a scroll of enchant weapon.
Your +0 short sword glows red for a moment.
The goblin hits you but does no damage. The hobgoblin closely misses you.
As you read the scroll labeled YNKEHYMUCS, it crumbles to dust.
You feel as if something is helping you.
It was a scroll of remove curse.
A goblin comes into view. It is wielding a +0 club.
The goblin closely misses you.
The hobgoblin hits you but does no damage.
As you read the scroll labeled QINTAA LUMURCH, it crumbles to dust.
You hear the tinkle of a tiny bell.
It was a scroll of random uselessness.
The goblin hits you.
The hobgoblin hits you but does no damage.
As you read the scroll labeled MEFELO MATEA, it crumbles to dust.
It is a scroll of identify.
l - a potion of brilliance The goblin completely misses you.
The hobgoblin hits you with a +0 club.
* * * LOW HITPOINT WARNING * * *
A goblin comes into view.
It was a potion of invisibility.
You fade into invisibility!
The goblin barely misses you. The hobgoblin closely misses you.
You are very lightly contaminated with residual magic.
Drop what? 8/52 slots (_ for help) (? for menu, Esc to quit)
Okay, then.
You hit the goblin.
The goblin is heavily wounded.
A bat comes into view.
The goblin completely misses you.
A goblin comes into view. It is wielding a +0 dagger.
The bat moves out of view.
The goblin shouts!
You hit the goblin.
You kill the goblin!
The hobgoblin hits you but does no damage.
You closely miss the hobgoblin.
The hobgoblin is lightly wounded.
The hobgoblin hits you with a +0 club.
* * * LOW HITPOINT WARNING * * *
A hobgoblin comes into view. It is wielding a +0 club.
You hit the hobgoblin but do no damage.
The hobgoblin is lightly wounded.
The hobgoblin closely misses you.
You puncture the hobgoblin!
You kill the hobgoblin!
A goblin comes into view. It is wielding a +0 club.
You strike the helpless goblin from behind!
You puncture the goblin!
You kill the goblin!
You hit Robin.
Robin is lightly wounded.
Robin throws the goblin out of sight!
The goblin barely misses you.
You hit Robin but do no damage.
Robin is lightly wounded.
The goblin no longer looks unusually strong.
Robin hits you with a +0 mace.
* * * LOW HITPOINT WARNING * * *
Robin closely misses you. The goblin hits you.
You die... #.# .. .g #.# ##g #.# #gg

#.# #b# #.# #g#
#.# #@# # ##.##
#g#.###
#)..######.....#
#..............#
#...#######....#
##..# ...## #..#
...# #..# ...#
### #..# ...#


You could see Robin, a hobgoblin, 4 goblins and a bat.

Vanquished Creatures
  2 leopard geckos (D:1)
  8 bats
  A giant cockroach (D:1)
  4 goblins
  5 hobgoblins
  6 jackals (D:1)
  A ball python (D:1)
  A frilled lizard (D:1)
  3 kobolds (D:1)
  4 rats (D:1)
35 creatures vanquished.

Notes
Turn   | Place    | Note
-------+----------+-------------------------------------------
     0 | D:1      | EnegeticOcto the Demigod Enchanter began the quest for the
                  | Orb.
     0 | D:1      | Reached XP level 1. HP: 14/14 MP: 5/5
    57 | D:1      | Reached skill level 1 in Short Blades
   571 | D:1      | Reached skill level 1 in Fighting
   698 | D:1      | Reached XP level 2. HP: 19/23 MP: 7/7
  2037 | D:1      | Reached XP level 3. HP: 27/30 MP: 8/8
  2345 | D:2      | Noticed Robin
  2361 | D:2      | Slain by a goblin

Levels and vault maps discovered:
D:1:      dpeg_arrival_renting, layout_loops_ring, minmay_tromino_i2
D:2:      layout_loops_ring, nemelex_xobeh_ov_fountains_minmay, first_ration,
          eino_tiny_chamber, uniq_robin

Skill      XL: |  1  2 |
---------------+-------+-----
Short Blades   | 1 |  1.0
Fighting       | 1 2 |  2.5
Dodging        | |  1.8
Stealth        | |  2.7
Spellcasting   | |  1.8
Hexes          | |  2.7

Action                   || total
-------------------------++-------
Melee: Dagger            ||   173
       Short sword       ||    14
 Cast: Corona            ||    16
  Use: Scroll            ||     4
       Potion            ||     1
 Stab: Sleeping          ||     2
       Invisible         ||     1
  Eat: Chunk             ||     4
Armor: Robe              ||    52
Dodge: Dodged            ||   153
